Cogmind - Beta 13 *** ADVENTURER MODE // 2024.05.22 @ 11:09:08 Player: Blade Result: Destroyed by as-59046 with Assembled Blade Performance ------------- Evolutions (1) 500 Regions Visited (5) 1000 Robots Destroyed (51) 255 Value Destroyed (1384) 1384 Prototype IDs (4) 80 Alien Tech Used (0) 0 Bonus (84) 84 TOTAL SCORE: 3303 Bonus ------- Follower Combat Kills 84 Cogmind --------- Core Integrity 0/400 Matter 223/300 Energy 84/100 System Corruption 8% Temperature Cool (0) Movement Core (50) Location -9/Exiles Parts ------- > --- POWER (1) -------- (None) > --- PROPULSION (2) --- (None) > --- UTILITY (4) ------ (None) > --- WEAPON (2) ------- (None) > --- INVENTORY (5) ---- Huge Storage Unit Improved EM Shotgun Improved EM Shotgun Peak State ------------ > --- POWER ------------ Nuclear Core > --- PROPULSION ------- Light Treads Improved Treads > --- UTILITY ---------- Improved Heat Sink Medium Storage Unit Advanced Targeting Computer Light Armor Plating > --- WEAPON ----------- Beamcaster Beamcaster > --- INVENTORY -------- Wheel Compact Wheel Huge Storage Unit Propulsion Shielding Light Armor Plating Improved EM Shotgun Improved EM Shotgun Improved EM Shotgun Grenade Launcher Mining Laser [Rating: 25] Favorites ----------- Power Nuclear Core Engine Ion Engine Power Core Nuclear Core Propulsion Light Treads Treads Light Treads Leg Aluminum Leg Wheel Wheel Utility Medium Storage Unit Device Improved Heat Sink Storage Medium Storage Unit Processor Visual Processing Unit Protection Light Armor Plating Weapon Beamcaster Energy Gun Beamcaster Energy Cannon Advanced Beam Cannon Launcher Grenade Launcher Special Weapon Mining Laser Build | -11 -10 -10 -9 -9 -9 ------- Run | Yrd Mat Min Mat Min Exi Slots Evolved 2 | . . . 2 . . Power . | . . . . . . Propulsion . | . . . . . . Utility 2 | . . . 2 . . Weapon . | . . . . . . Parts Attached 54 | . 17 5 24 1 7 Power 5 | . 2 . 3 . . Engine 1 | . . . 1 . . Core 4 | . 2 . 2 . . Reactor . | . . . . . . Propulsion 7 | . 4 . 2 . 1 Treads 5 | . 2 . 2 . 1 Leg . | . . . . . . Wheel 2 | . 2 . . . . Hover . | . . . . . . Flight . | . . . . . . Utility 12 | . 3 1 7 . 1 Device 1 | . . 1 . . . Storage 2 | . 1 . . . 1 Processor 2 | . 1 . 1 . . Hackware . | . . . . . . Protection 7 | . 1 . 6 . . Artifact . | . . . . . . Weapon 30 | . 8 4 12 1 5 Energy Gun 19 | . 7 2 8 . 2 Energy Cannon 1 | . . . 1 . . Ballistic Gun . | . . . . . . Ballistic Cannon . | . . . . . . Launcher 6 | . . 1 2 1 2 Special Weapon 4 | . 1 1 1 . 1 Impact Weapon . | . . . . . . Slashing Weapon . | . . . . . . Piercing Weapon . | . . . . . . Special Melee Weapon . | . . . . . . Unidentified Prototypes 4 | . 1 . 3 . . Parts Lost 17 | . . . 3 . 14 Power 1 | . . . . . 1 Propulsion 3 | . . . . . 3 Utility 7 | . . . 3 . 4 Weapon 6 | . . . . . 6 Highest Loss Streak 14 | . . . 3 . 14 To Critical Strikes 1 | . . . . . 1 Average Slot Usage (%) 98 | . 99 100 97 100 93 Engine 1 | . 5 . . . . Core 11 | . 8 14 11 11 9 Treads 20 | . 7 28 22 22 21 Wheel 4 | . 18 . . . . Device 7 | . . 9 11 11 9 Storage 12 | . 14 14 11 11 11 Processor 4 | . 9 . 6 . . Protection 11 | . 3 4 14 22 20 Energy Gun 20 | . 26 26 17 14 10 Launcher 2 | . . . . 7 9 Special Weapon 1 | . . 1 3 . . Naked Turns 6 | . . . . . 6 Heaviest Build 33 | 14 22 24 33 32 30 Greatest Support 43 | 20 40 40 43 43 43 Greatest Overweight (x) . | . . . . . . Average Overweight (x) . | . . . . . . Largest Inventory Capacity 10 | 8 10 10 10 10 10 Average Capacity 9 | 8 9 10 10 10 9 Most Carried 10 | 6 10 10 10 9 10 Average Carried 8 | 6 7 8 8 8 9 Final Capacity 10 | 8 10 10 10 10 5 Final Carried 9 | 6 9 9 8 9 3 Class Distribution -------------------- 55% | Scavenger-Mutant 44% | Mutant Dominant Class ---------------- Mutant | -10/Materials Scavenger-Mutant | -10/Mines Scavenger-Mutant | -9/Materials Scavenger-Mutant | -9/Mines Scavenger-Mutant | -9/Exiles Resources | -11 -10 -10 -9 -9 -9 ----------- Run | Yrd Mat Min Mat Min Exi Matter Collected 686 | 200 167 50 238 31 . Remotely . | . . . . . . Salvage Created 2074 | . 497 452 1037 42 46 Parts 110 | . 34 26 48 2 . Haulers Intercepted 6 | . 2 . 4 . . Recyclers Shooed 2 | . . . 2 . . Parts Field Recycled . | . . . . . . Retrieved Matter . | . . . . . . Parts Self-Destructed . | . . . . . . Prevented . | . . . . . . Kills | -11 -10 -10 -9 -9 -9 ------- Run | Yrd Mat Min Mat Min Exi Combat Hostiles Destroyed 44 | . 8 10 17 3 6 Guns 33 | . 8 8 14 1 2 AOE 11 | . . 2 3 2 4 Classes Destroyed 11 | . 3 3 4 . 1 Worker 2 | . . . 1 1 . Builder 1 | . . 1 . . . Hauler 6 | . 2 . 4 . . Recycler 3 | . . 1 2 . . Watcher 1 | . 1 . . . . Swarmer 5 | . . 2 . 3 . Grunt 28 | . 8 8 12 . . Brawler 1 | . . . 1 . . Duelist 1 | . . . 1 . . Sentry 3 | . . . 3 . . Assembled 6 | . . . . . 6 Best Kill Streak 6 | . 4 4 5 4 6 Combat Bots Only 6 | . 3 4 5 3 6 Max Kills in Single Turn 2 | . 2 2 2 2 2 Gunslinging 1 | . 1 . . . . Exploded 2 | . . 1 2 1 2 Melee . | . . . . . . Uniques/NPCs Destroyed . | . . . . . . Combat | -11 -10 -10 -9 -9 -9 -------- Run | Yrd Mat Min Mat Min Exi Hostile Shots Fired 201 | . 19 21 88 7 66 Missed 52 | . 6 8 22 2 14 Damage Taken 2130 | . 214 163 666 46 1041 Core 472 | . 42 16 63 6 345 Absorbed by Shields . | . . . . . . Redirected to Shielding 51 | . 2 7 . 3 39 Ignored by Resistances 611 | . 60 50 199 15 287 Regen/Repaired (Parts) 129 | . 44 . 85 . . Core Remaining (%) 88 | 100 . 76 . . . Volleys Fired 103 | . 20 28 43 3 9 Largest 2 | . 2 2 2 2 2 Hottest 150 | . 145 145 150 105 150 Shots Fired 189 | . 39 49 80 6 15 Gun 164 | . 36 40 75 3 10 Cannon . | . . . . . . Launcher 11 | . . 1 2 3 5 Special 14 | . 3 8 3 . . Kinetic . | . . . . . . Thermal 111 | . 4 19 75 3 10 Explosive 11 | . . 1 2 3 5 Electromagnetic 67 | . 35 29 3 . . Robot Hit Streak 30 | . 27 30 27 1 3 Robot Miss Streak 2 | . 2 1 2 2 1 Penetration Max . | . . . . . . Secondary Targets 2 | . 1 1 . . . Max Gunslinging Chain 1 | . 1 1 . . . Shots Hit Robots 118 | . 27 26 56 1 8 Core Hits 84 | . 17 19 33 4 11 Critical Kills . | . . . . . . Critical Parts Destroyed . | . . . . . . Critical Strikes 3 | . . 2 . . 1 Burn 3 | . . 2 . . 1 Melee Attacks . | . . . . . . Impact . | . . . . . . Slashing . | . . . . . . Piercing . | . . . . . . Sneak Attacks . | . . . . . . Combat Hostiles . | . . . . . . Follow-up Attacks . | . . . . . . Damage Inflicted 3338 | . 560 558 1573 204 443 Guns 2316 | . 474 448 1249 21 124 Cannons . | . . . . . . Explosions 971 | . 67 107 296 182 319 Melee . | . . . . . . Ramming 51 | . 19 3 28 1 . Kinetic . | . . . . . . Thermal 1658 | . 79 242 1192 21 124 Explosive 827 | . . 30 296 182 319 Electromagnetic 802 | . 462 283 57 . . Impact . | . . . . . . Slashing . | . . . . . . Piercing . | . . . . . . Highest Corruption 8 | . . . 6 6 8 Average Corruption 5 | . . . 3 6 6 Corruption Purged . | . . . . . . Corruption Blocked . | . . . . . . Effects 25 | . . . 3 7 15 Message Errors 8 | . . . . 4 4 Matter Fused 3 | . . . . 1 2 Heat Flow Errors 4 | . . . . . 4 Energy Discharges 2 | . . . 1 1 . Data Loss (minor) 4 | . . . 2 . 2 Data Loss (major) 2 | . . . . 1 1 Misfires 2 | . . . . . 2 Overload Shots . | . . . . . . Overflow Damage 19 | . . . . 7 12 Projectiles . | . . . . . . Explosions 19 | . . . . 7 12 Melee . | . . . . . . Knockbacks . | . . . . . . Impact . | . . . . . . Kinetic . | . . . . . . Secondary . | . . . . . . Self-Inflicted Damage 124 | . 32 31 . 16 45 Shots 5 | . 1 1 . 1 2 Rammed 12 | . 3 . 8 1 . Targets Rammed 16 | . 4 2 9 1 . Kicked 1 | . 1 . . . . Crushed 3 | . . 2 1 . . Highest Temperature 417 | . 216 246 417 27 265 Average Temperature 92 | . 74 78 114 15 89 Received Heat Transfer 661 | . 87 99 435 . 40 Effects 3 | . 2 . 1 . . Shutdowns 1 | . . . 1 . . Interference 2 | . 2 . . . . Siege Activations . | . . . . . . Robots Corrupted . | . . . . . . Combat Hostiles . | . . . . . . Parts Fried 3 | . 2 . 1 . . Impact Corruptions . | . . . . . . Robots Melted . | . . . . . . Combat Hostiles . | . . . . . . Parts Melted 6 | . . 1 3 2 . Heat Transferred 3099 | . 187 544 2035 37 296 Parts Sabotaged . | . . . . . . Parts Stolen . | . . . . . . Parts Stripped . | . . . . . . Power Chain Reactions 2 | . 1 1 . . . Alert | -11 -10 -10 -9 -9 -9 ------- Run | Yrd Mat Min Mat Min Exi Peak Influence 371 | . 192 257 371 147 . Initial 58 | . . 23 . 58 . Average 116 | . 37 150 153 120 . Maximum Alert Level 1 | . . 1 1 . . Low Security (%) 89 | 100 100 84 81 100 . Level 1 10 | . . 15 18 . . Level 2 . | . . . . . . Level 3 . | . . . . . . Level 4 . | . . . . . . Level 5 . | . . . . . . High Security . | . . . . . . Max Security . | . . . . . . Squads Dispatched 5 | . 1 . 4 . . Investigation 1 | . 1 . . . . Extermination . | . . . . . . Reinforcement 4 | . . . 4 . . Assault . | . . . . . . Garrison . | . . . . . . Intercept . | . . . . . . Searches Triggered . | . . . . . . Construction Impeded 1 | . . . 1 . . Haulers Reinforced . | . . . . . . Active Scanning Responses . | . . . . . . Cargo Convoy Interrupts . | . . . . . . Stealth | -11 -10 -10 -9 -9 -9 --------- Run | Yrd Mat Min Mat Min Exi Distress Signals . | . . . . . . Communications Jammed . | . . . . . . Distress Signals . | . . . . . . Times Spotted 93 | . 13 12 24 3 41 Peak Tracking Total 13 | . 4 3 6 3 13 Tactical Retreats 5 | . 1 1 . . 3 Traps | -11 -10 -10 -9 -9 -9 ------- Run | Yrd Mat Min Mat Min Exi Traps Triggered 3 | . 3 . . . . Indirectly . | . . . . . . Trap Hack Attempts . | . . . . . . Triggered . | . . . . . . Disarmed . | . . . . . . Reprogrammed . | . . . . . . Reused . | . . . . . . Traps Extracted . | . . . . . . Installed . | . . . . . . Triggered . | . . . . . . Machines | -11 -10 -10 -9 -9 -9 ---------- Run | Yrd Mat Min Mat Min Exi Machines Disabled 6 | . 1 1 . . 4 Max in Single Turn 2 | . 1 1 . . 2 Machines Repaired . | . . . . . . Machines Dismantled . | . . . . . . Machines Sabotaged . | . . . . . . Overloaded Fab Kills . | . . . . . . Hacking | -11 -10 -10 -9 -9 -9 --------- Run | Yrd Mat Min Mat Min Exi Machines Accessed 14 | . 6 1 6 . 1 Terminals 11 | . 5 1 5 . . Fabricators . | . . . . . . Repair Stations 2 | . 1 . 1 . . Recycling Units . | . . . . . . Scanalyzers . | . . . . . . Garrison Access . | . . . . . . Total Hacks 56 | . 13 3 17 . 23 Successful 38 | . 4 1 10 . 23 Failed 18 | . 9 2 7 . . Catastrophic 6 | . 3 1 2 . . Database Lockouts . | . . . . . . Manual 23 | . 11 3 9 . . Terminals 26 | . 11 3 12 . . Fabricators . | . . . . . . Repair Stations 7 | . 2 . 5 . . Recycling Units . | . . . . . . Scanalyzers . | . . . . . . Garrison Access . | . . . . . . Terminal Hacks 32 | . 2 1 6 . 23 Record 23 | . . . . . 23 Robot Analysis 2 | . . . 2 . . Branch Access Points 3 | . 1 1 1 . . Terminal Index 1 | . 1 . . . . Alert Level 1 | . . . 1 . . Locate Traps 1 | . . . 1 . . Recall Reinforcements 1 | . . . 1 . . Fabricator Hacks . | . . . . . . Repair Station Hacks 6 | . 2 . 4 . . Scan Component 3 | . 1 . 2 . . Repair 3 | . 1 . 2 . . Recycling Unit Hacks . | . . . . . . Scanalyzer . | . . . . . . Garrison Access Hacks . | . . . . . . Unauthorized Hacks . | . . . . . . Terminals . | . . . . . . Fabricators . | . . . . . . Repair Stations . | . . . . . . Recycling Units . | . . . . . . Scanalyzers . | . . . . . . Garrison Access . | . . . . . . Data Cores Recovered . | . . . . . . Used . | . . . . . . Hacking Detections 10 | . 4 1 5 . . Full Trace Events 2 | . 1 . 1 . . Feedback Events . | . . . . . . Feedback Blocked . | . . . . . . Robot Schematics Acquired . | . . . . . . Robots Built . | . . . . . . Authchips . | . . . . . . Time . | . . . . . . Total Robot Build Rating . | . . . . . . Part Schematics Acquired . | . . . . . . Parts Built . | . . . . . . Authchips . | . . . . . . Time . | . . . . . . Total Part Build Rating . | . . . . . . Parts Repaired 3 | . 1 . 2 . . Time 132 | . 32 . 100 . . Parts Recycled . | . . . . . . Recycled Matter . | . . . . . . Retrieved Matter . | . . . . . . Retrieved Components . | . . . . . . Parts Scanalyzed . | . . . . . . Part Schematics Acquired . | . . . . . . Parts Damaged . | . . . . . . Bothacking | -11 -10 -10 -9 -9 -9 ------------ Run | Yrd Mat Min Mat Min Exi Used RIF Installer . | . . . . . . Robots Hacked . | . . . . . . Non-combat . | . . . . . . Combat . | . . . . . . Robot Hacks Applied . | . . . . . . Relay Couplers Released . | . . . . . . Fabnet Peak Effective % . | . . . . . . Robots Rewired . | . . . . . . Allies Hacked . | . . . . . . Hacks Repelled . | . . . . . . Allies | -11 -10 -10 -9 -9 -9 -------- Run | Yrd Mat Min Mat Min Exi Total Allies 2 | . . 2 . . . Largest Group 2 | . . 2 2 . . Highest-Rated Group 50 | . . 50 47 . . Highest-Rated Ally 31 | . . 31 28 . . Total Orders . | . . . . . . Ally Attacks 17 | . . 9 8 . . Total Damage 251 | . . 127 124 . . Kills 4 | . . 1 3 . . Allies Corrupted . | . . . . . . Allies Melted . | . . . . . . Intel | -11 -10 -10 -9 -9 -9 ------- Run | Yrd Mat Min Mat Min Exi Robot Analysis Total 2 | . . . 2 . . Derelict Logs Recovered 1 | . . 1 . . . Drone Launches . | . . . . . . Drone Recoveries . | . . . . . . Exploration | -11 -10 -10 -9 -9 -9 ------------- Run | Yrd Mat Min Mat Min Exi Turns Passed 3342 | 4 793 849 885 327 484 Spaces Moved 1913 | 4 597 458 362 197 295 Core 18 | . . . . . 18 Treads 1422 | . 128 458 362 197 277 Legs 48 | 4 44 . . . . Wheels 425 | . 425 . . . . Hover . | . . . . . . Flight . | . . . . . . Fastest Speed 50 | 120 90 160 160 160 50 Average Speed 142 | 120 107 160 160 160 153 Slowest Speed 160 | 120 160 160 160 160 160 Overloaded Moves . | . . . . . . Propulsion Burnouts . | . . . . . . Robots Hopped . | . . . . . . Cave-ins Triggered . | . . . . . . Exploration Rate (%) 48 | 2 80 73 32 43 58 Regions Visited 5 Branch Regions 3 Pre-discovered Areas 1 | . . . . . 1 Known Exits Taken 2 | . 1 . 1 . . Unknown Exits Taken 3 | 1 . 1 . 1 . Scrap Searched 3 | . . 3 . . . Spaces Dug 6 | . 3 . 3 . . Terrain Destroyed 68 | . 6 17 17 14 14 Melee . | . . . . . . Projectile 7 | . 3 1 3 . . AOE 61 | . 3 16 14 14 14 Terrain Rammed . | . . . . . . Walls Destroyed . | . . . . . . Machines Disabled . | . . . . . . Actions | -11 -10 -10 -9 -9 -9 --------- Run | Yrd Mat Min Mat Min Exi Total 2302 | 3 703 507 573 202 314 Wait 178 | . 46 9 123 . . Move 1908 | 3 596 457 361 196 295 Hop . | . . . . . . Pick Up 16 | . 8 3 3 1 1 Fast Attach 18 | . 8 . 9 . 1 Attach 10 | . . . 5 . 5 Detach 1 | . . . 1 . . Swap 26 | . 9 5 10 1 1 Drop 26 | . 12 3 9 . 2 Fire 103 | . 20 28 43 3 9 Melee . | . . . . . . Ram 3 | . 3 . . . . Kick 1 | . 1 . . . . Crush 12 | . . 2 9 1 . Escape Stasis . | . . . . . . Rewire . | . . . . . . Trap . | . . . . . . Miscellaneous . | . . . . . . Route ------- -11/Scrapyard -10/Materials (discovered 3 exits: *Mat x2 / *Min) -10/Mines -9/Materials (discovered 3 exits: [*Mat] / *Min x2) -9/Mines -9/Exiles (discovered 2 exits: [*Min x2]) History --------- Turn | Location | Event 1 | -11/Scrapyard | Discovered new exit (range 3) 5 | -11/Scrapyard | Entered Materials 320 | -10/Materials | Build established: Mutant 399 | -10/Materials | Identified exit to Mines 433 | -10/Materials | Discovered new exit (range 7) 529 | -10/Materials | Repaired Hvy. EM Pulse Gun 599 | -10/Materials | Discovered new exit (range 4) 798 | -10/Materials | Entered Mines 807 | -10/Mines | Met a Derelict bent on vengeance 931 | -10/Mines | Learned Materials terminal intel 1362 | -10/Mines | Build established: Scavenger-Mutant 1535 | -10/Mines | Discovered new exit (range 8) 1647 | -10/Mines | Entered Materials 1647 | -9/Materials | Accompanied by 2 allies 1647 | -9/Materials | Evolved 2 slots: Utility x2 1648 | -9/Materials | Loaded intel: 12 terminal locations 1652 | -9/Materials | Led the pair of lost Derelicts to an unsafe place 1900 | -9/Materials | Repaired Beamcaster 1998 | -9/Materials | Repaired Beamcaster 2022 | -9/Materials | Identified exit to Mines 2146 | -9/Materials | Discovered new exit (range 9) 2384 | -9/Materials | Lost 3 parts (3u) 2532 | -9/Materials | Entered Mines 2724 | -9/Mines | Received a Rocket Launcher from a helpful Derelict 2848 | -9/Mines | Deemed a non-threat by the Exiles lab entrance 2850 | -9/Mines | Discovered new exit (range 5) 2859 | -9/Mines | Entered Exiles 2904 | -9/Exiles | Discovered new exit (range 15) 2923 | -9/Exiles | Met 8R-AWN 2949 | -9/Exiles | Met EX-HEX 3049 | -9/Exiles | Met EX-DEC 3115 | -9/Exiles | Learned location of Zion (-6) 3206 | -9/Exiles | Discovered new exit (range 14) 3289 | -9/Exiles | Attacked by the Exiles 3329 | -9/Exiles | Core integrity fell below 50% 3335 | -9/Exiles | Core integrity fell below 20% 3343 | -9/Exiles | Destroyed by as-59046 with Assembled Blade Last Messages --------------- 03328_ Knocked back. 03329_ System corrupted: Heat flow error (+222). 03331_ Penetrated by HV Slug. 03332_ Lrg. Battery destroyed. 03333_ HV Slug penetrates Machine. 03333_ Machine disabled. 03333_ HV Slug penetrates Machine. 03333_ Penetrated by HV Slug. 03336_ HV Slug penetrates Machine. 03339_ Imp. EM Shotgun destroyed. 03340_ Penetrated by HV Slug. 03340_ HV Slug penetrates Earth. 03340_ Penetrated by HV Slug. 03340_ HV Slug penetrates Earth. 03342_ Penetrated by HV Slug. 03342_ Critical hit (Destroy). 03342_ Lgt. Treads destroyed. 03342_ HV Slug penetrates Machine. 03342_ Penetrated by HV Slug. 03342_ HV Slug penetrates Machine. Map ----- +----------------------------------------------------+ | ?????????????????????????????????????????????????? | | ?????????????????????????????????????????????????? | | ?????????????????????????????????????????????????? | | ?????????????????????????????????????????????????? | | ?????????????????????????????????????????????????? | | ?????????????????????????????????????????????????? | | ?????????????????????????????????????????????????? | | ?????????????????????????????????????????????????? | | ?????????????????????????????????????????????????? | | ?????????????????????????????????????????????????? | | ??????????######?????????? ?????????????????????? | | ????????? """#?????????? ???????????????????? | | ????????#"" """#????????? ????????????????? | | ????????#"" #????????? ????????????????? | | ????????#"" #?????????" ????????????????? | | ????????#"" "#????????? ?????????????????? | | ????????# ""#????????? ??????????????????? | | ?????????"" ""#???????## #??????????????????? | | ??????????# #??##????##" #??????????????????? | | #####???### ####;#####"" #??????????????????? | | """#####X# #"### """""" ##?????????????????? | | """"" " "" ##?????#???#??????? | | "" "" " #####"""""""""???? | | " " """ """"#?? | | % % "" " #? | | ! a@ " """#? | | # ! " "#? | | # % % g " "## | | ## ""# | | ?#% """""" "" | | ?# % ######""" | | # " % ""##?????####""" | | ## ""##??????????#""" | | #" ""##???????????#"""" | | ""#???????????##"" | | ########??####"""" | | # ## ####""" | | #" """" | | # | | # """ | | ### " | | ??#" " "" """ | | ??#"""" ""## ##""" " " ""#" | | ??#"" ""#### ######""" """##""""""" | | ??#" """"##??# #????###""""########## | | ??#""" """#??## ####???######????????? | | ??## ""##??#! "!#?????????????????? | | ???#"" """##???#" !#?????????????????? | | ???##""" ##????#" "#?????????????????? | | ????##"""" ##?????#! ""!"#?????????????????? | +----------------------------------------------------+ Best States ------------- Heat Dissipation 42 Energy Generation 14 Energy Capacity 300 Matter Stores 300 Matter Capacity 300 Sight Range 18 Terrain Scan Density 10 Armor Coverage 300 Resistance: KI 20 Resistance: TH 20 Resistance: EX 20 Resistance: EM 20 Resistance: I 20 Resistance: S 20 Resistance: P 20 Propulsion Shielding 33 Evasion (%) 55 Targeting Accuracy 8 Recoil Reduction 2 Offensive Hacking 10 Authchip Count 1 Item Schematics ----------------- None Robot Schematics ------------------ None Fabricated ------------ Nothing Alien Tech Used ----------------- None Achievements -------------- None Challenges ------------ None Game ------ Seed SpreadActuatorPurifier Manual? 0 Play Time 00:33:33 Cumulative 34.9 hours Start 2024.05.22 @ 10:31:45 End 2024.05.22 @ 11:09:08 Sessions 1 Manual Loads 0 Difficulty Adventurer Special Mode None Game No. 47 Rogue 0 Adventurer 42 Explorer 5 Win Type - Total 1 Types 1/0/0/0/0/0/0/0/0 Lore% 24 Gallery% 36 Achievement% 30 Wizard Run 0 Options --------- Layout 1 ASCII 0 Keyboard 0 Movement Arrows Keybinds 0 Fullscreen 2 Font 24/Terminus Map View 50x35 Zoom Use 0% Tactical HUD 1 Map Filters NONE Filters NONE Steam 1 RUN: 68616289-a1d6-4578-8414-c3c02a8730a6